 Dungeon Crawl Stone Soup version 0.27-a0-1555-g0e7b3fb1d2 (webtiles) character file.

Game seed: 4761225446079546186

161 Morbidden the Insei (level 5, 0/38 HPs)
             Began as a Demonspawn Transmuter on July 14, 2021.
             Slain by a wyvern (17 damage)
             ... on level 5 of the Dungeon.
             The game lasted 00:03:49 (4212 turns).

Morbidden the Insei (Demonspawn Transmuter)         Turns: 4212, Time: 00:03:50

Health: 0/38       AC:  3    Str: 11    XL:     5   Next: 18%
Magic:  6/9        EV: 12    Int: 15    God:
Gold:   76         SH:  0    Dex: 13    Spells: 6/9 levels left

rFire    . . .     SeeInvis .     - Unarmed
rCold    . . .     Faith    .   (no shield)
rNeg     . . .     Spirit   .   a - +0 robe
rPois    .         Reflect  .   (helmet currently unavailable)
rElec    .         Harm     .   (no cloak)
rCorr    .         Rampage  .   (no gloves)
Will     .....                  (boots currently unavailable)
Stlth    +.........             (no amulet)
HPRegen  0.12/turn              (no ring)
MPRegen  0.11/turn              (no ring)

@: appendages (expiring), wereblooded
A: horns 2, talons 2, claws 1, rugged brown scales 1
a: End Transformation


You were on level 5 of the Dungeon.
You had temporarily grown beastly horns and talons.
You visited 1 branch of the dungeon, and saw 4 of its levels.

You collected 115 gold pieces.
You spent 39 gold pieces at shops.

Inventory:

Missiles
 f - 2 throwing nets (quivered)
 g - 3 javelins
Armour
 a - a +0 robe (worn)
Scrolls
 b - 2 scrolls of magic mapping {unknown}
 e - a scroll of teleportation
Potions
 c - 2 potions of degeneration {unknown}
 d - 2 potions of lignification {unknown}
 h - a potion of flight {unknown}


   Skills:
 * Level 1.4 Fighting
 * Level 2.8 Dodging
 + Level 0.1 Stealth
 + Level 3.8 Unarmed Combat
 * Level 2.9 Spellcasting
 * Level 2.3 Transmutations


You had 6 spell levels left.
You knew the following spells:

 Your Spells              Type           Power      Damage    Failure   Level
a - Beastly Appendage     Tmut           18%        N/A       8%          1
b - Wereblood             Tmut           9%         N/A       12%         2

Your spell library contained the following spells:

 Spells                   Type           Power      Damage    Failure   Level
 Poisonous Vapours        Pois/Air       4%         N/A       30%         2
 Spider Form              Tmut/Pois      2%         N/A       36%         3
 Mephitic Cloud           Conj/Pois/Air  2%         N/A       52%         3
 Ice Form                 Ice/Tmut       5%         N/A       77%         4
 Freezing Cloud           Conj/Ice/Air   1%         6-21      99%         5


Dungeon Overview and Level Annotations

Branches:
Dungeon (3/15)

Altars:
Elyvilon

Shops:
D:2 *


Innate Abilities, Weirdness & Mutations

You have temporarily grown beastly horns and talons.
You have sharp fingernails.
You are partially covered in rugged brown scales. (AC +1, +3% HP)


Message History

Unknown command.
No target in view!
Unknown command.
No target in view!
Unknown command.
You howl as the wereblood boils in your veins!
Your magical contamination has completely faded away.
You howl as the wereblood boils in your veins!
You howl as the wereblood boils in your veins!
You howl as the wereblood boils in your veins!
You howl as the wereblood boils in your veins!
Your primal bloodlust is almost over.
Your primal bloodlust has ended.
You see here a +0 club.
You fall into a shaft and drop 2 floors!
The shaft crumbles and collapses.
A wyvern comes into view.
The wyvern hisses angrily.
Found a robe.
Found a stone staircase leading down.
Unknown command.
Casting: Wereblood (safe; 12% risk of failure)
Confirm with . or Enter, or press ? or * to list all spells.
You grow a pair of large bovine horns.
Your feet morph into talons.
Your transformation is almost over.
Casting: Beastly Appendage (safe; 8% risk of failure)
Confirm with . or Enter, or press ? or * to list all spells.
Your blood is infused with primal strength.
The wyvern bites you! The wyvern barely misses you.
You scratch the wyvern. Your headbutt misses the wyvern.
The wyvern is lightly wounded.
The wyvern bites you! The wyvern misses you.
You are too injured to fight recklessly!
You are too injured to fight recklessly!
You are too injured to fight recklessly!
You are too injured to fight recklessly!
You barely miss the wyvern.
The wyvern is lightly wounded.
The wyvern bites you!
You die...

#. .... #.##...
## ...#..# #
#.. ##..#..# .#
....#......#...
...............
...............
..[...l@..#
........#.#
......### #
.>.... .....
..... .... ..##


You could see a wyvern.

Vanquished Creatures
  Terence (D:3)
  4 gnolls (D:3)
  2 adders (D:2)
  2 worms (D:2)
  5 dart slugs
  7 bats
  7 endoplasms
  10 goblins
  2 hobgoblins (D:1)
  4 jackals (D:1)
  2 quokkas
  3 ball pythons
  5 frilled lizards
  4 kobolds
  4 rats
62 creatures vanquished.

Vanquished Creatures (others)
  A bat (D:1)
  2 demonic plants (D:2)
3 creatures vanquished.

Grand Total: 65 creatures vanquished

Notes
Turn   | Place    | Note
-------+----------+-------------------------------------------
     0 | D:1      | Morbidden the Demonspawn Transmuter began the quest for the
                  | Orb.
     0 | D:1      | Reached XP level 1. HP: 15/15 MP: 3/3
   358 | D:1      | Reached skill level 3 in Unarmed Combat
   362 | D:1      | Gained mutation: You have sharp fingernails. [demonic
                  | ancestry]
   362 | D:1      | Reached XP level 2. HP: 14/21 MP: 5/5
   572 | D:1      | Learned a level 2 spell: Wereblood
   954 | D:1      | Reached XP level 3. HP: 16/26 MP: 2/6
  1682 | D:2      | Found Webat's General Store.
  1720 | D:2      | Bought a scroll of teleportation for 39 gold pieces
  2753 | D:2      | Reached XP level 4. HP: 27/32 MP: 5/7
  3207 | D:2      | Found a faded altar of an unknown god.
  3856 | D:3      | Noticed Terence
  3880 | D:3      | Killed Terence
  3881 | D:3      | Gained mutation: You are partially covered in rugged brown
                  | scales. (AC +1, +3% HP) [demonic ancestry]
  3881 | D:3      | Reached XP level 5. HP: 16/38 MP: 9/9
  4206 | D:3      | You fall into a shaft and drop 2 floors!
  4206 | D:5      | Entered Level 5 of the Dungeon
  4206 | D:5      | Noticed a wyvern
  4212 | D:5      | Slain by a wyvern

Illustrated notes

Levels and vault maps discovered:
D:1:      saegor_arrival_simple_b, layout_basic, chequers_serial_rivers_marsh,
          chequers_serial_rivers_micro_e, st_stairs_9
D:2:      layout_loops_ring, dreamdust_ecumenical_altar_sealed_demon,
          basic_altar, serial_shops, shop, chequers_serial_rivers_small_3,
          minivault_14
D:3:      layout_basic, chequers_serial_rivers_room_b, uniq_terence,
          uniq_sigmund, uniq_grinder
D:5:      layout_cave_pools

Skill      XL: |  1  2 |
---------------+-------+-----
Unarmed Combat | 3 |  3.8
Dodging        | 2 |  2.8
Transmutations | 2 |  2.3
Fighting       | |  1.4
Stealth        | |  0.1
Spellcasting   | |  2.9

Action                   |  1- 3 |  4- 6 || total
-------------------------+-------+-------++-------
Melee: Unarmed           |   123 |    59 ||   182
       Kick              |    13 |     7 ||    20
       Headbutt          |     9 |     3 ||    12
       Punch             |     2 |       ||     2
Throw: Javelin           |     1 |    10 ||    11
       Throwing net      |       |     2 ||     2
 Cast: Beastly Appendage |    17 |    10 ||    27
       Wereblood         |     4 |     4 ||     8
Armor: Robe              |    30 |     6 ||    36
Dodge: Dodged            |   117 |    41 ||   158

Table legend: (Time is in decaauts)
 A = Elapsed time spent in this place.
 B = Non-inter-level travel time spent in this place.
 C = Inter-level travel time spent in this place.
 D = Time resting spent in this place.
 E = Time spent auto-exploring this place.
 F = Levels seen in this place.
 G = Mean time per level.
                   A        B        C        D        E       F      G
               +--------+--------+--------+--------+--------+-----+--------+
         Total |   4213 |   4107 |    106 |    536 |   3053 |   4 | 1053.2 |
       Dungeon |   4213 |   4107 |    106 |    536 |   3053 |   4 | 1053.2 |
               +--------+--------+--------+--------+--------+-----+--------+

Top non-repeatable levels by time:
     D:2: 1832 daAuts
     D:1: 1664 daAuts
     D:3: 710 daAuts
     D:5: 5 daAuts
